 Dungeon Crawl Stone Soup version 0.31.0-1-g2c135a0 (webtiles) character file.

Game seed: 5673546222714465087

22235 malesh the Nimble (level 12, -3/94 HPs)
             Began as a Gnoll Hexslinger on Mar 29, 2024.
             Was a High Priest of Okawaru.
             Slain by a merfolk
             ... wielding a +0 trident
              (13 damage)
             ... on level 2 of the Lair of Beasts on Mar 30, 2024.
             The game lasted 01:14:41 (16555 turns).

malesh the Nimble (Gnoll Hexslinger)               Turns: 16555, Time: 01:14:42

Health: -3/94      AC: 12    Str:  9    XL:     12   Next: 98%
Magic:  18/24      EV: 16    Int: 15    God:    Okawaru [*****.]
Gold:   838        SH: 11    Dex: 16    Spells: 12/28 levels left

rFire   + . .        a - +2 sling
rCold   + . .        i - +0 buckler
rNeg    . . .        c - +1 robe
rPois   .            C - +0 helmet
rElec   .            x - scarf {rC+ rF+}
rCorr   .            w - +0 pair of gloves
SInv    .            R - +1 pair of boots
Will    .....        v - amulet of reflection
Stlth   ++++         g - +4 ring of protection
HPRegen 0.35/turn    (no ring)
MPRegen 0.19/turn

%: reflection
@: weak-willed
A: fangs 1, strong nose, distributed training
a: Renounce Religion, Heroism, Finesse, Duel


You were on level 2 of the Lair of Beasts.
You worshipped Okawaru.
Okawaru was extremely pleased with you.
You visited 3 branches of the dungeon, and saw 13 of its levels.

You collected 838 gold pieces.

Inventory:

Hand Weapons
 a - a +2 sling (weapon)
 b - a +3 war axe of flaming
 D - the +3 glaive "Ikhloofu" {flame, Int+2}
   (You found it on level 8 of the Dungeon)

   Int+2:     It affects your intelligence (+2).
 F - a +3 scimitar of flaming
Missiles
 O - 3 atropa-tipped darts (quivered)
 P - a javelin
Armour
 c - a +1 robe (worn)
 i - a +0 buckler (worn)
 n - a +0 cloak
 o - +0 gold dragon scales
 w - a +0 pair of gloves (worn)
 x - a scarf of resistance (worn)
 C - a +0 helmet (worn)
 R - a +1 pair of boots (worn)
Jewellery
 g - a +4 ring of protection (left hand)
 q - an amulet of guardian spirit
 s - a ring of ice
 v - an amulet of reflection (around neck)
 B - a ring of ice
Wands
 j - a wand of light (10)
 m - a wand of charming (11)
 t - a wand of flame (21)
 E - a wand of polymorph (16)
 M - a wand of mindburst (16)
Scrolls
 e - a scroll of blinking
 l - 2 scrolls of noise
 u - a scroll of amnesia
 y - a scroll of immolation
 z - 2 scrolls of identify
 G - 2 scrolls of vulnerability
 K - 2 scrolls of fog
 N - a scroll of fear
 Q - a scroll of enchant armour
Potions
 d - a potion of ambrosia
 f - 3 potions of heal wounds {unknown}
 k - 2 potions of brilliance
 p - a potion of enlightenment
 r - a potion of magic
 A - 3 potions of lignification
 H - a potion of attraction {unknown}
 I - a potion of curing
 J - 2 potions of might {unknown}
 L - a potion of resistance {unknown}


   Skills:
 + Level 8.5 Fighting
 + Level 8.1 Short Blades
 + Level 8.1 Long Blades
 + Level 8.1 Axes
 + Level 8.1 Maces & Flails
 + Level 8.1 Polearms
 + Level 8.1 Staves
 + Level 9.3 Ranged Weapons
 + Level 8.1 Throwing
 + Level 8.1 Armour
 + Level 9.3 Dodging
 + Level 8.1 Stealth
 + Level 8.1 Shields
 + Level 8.1 Unarmed Combat
 + Level 8.6 Spellcasting
 + Level 6.7 Conjurations
 + Level 8.8 Hexes
 + Level 6.7 Summonings
 + Level 6.7 Necromancy
 + Level 6.7 Translocations
 + Level 7.1 Fire Magic
 + Level 6.7 Ice Magic
 + Level 6.7 Air Magic
 + Level 6.7 Earth Magic
 + Level 6.7 Alchemy
 + Level 8.8 Invocations
 + Level 8.1 Evocations
 + Level 7.3 Shapeshifting


You had 12 spell levels left.
You knew the following spells:

 Your Spells              Type           Power      Damage    Failure   Level
a - Jinxbite              Hex            64%        N/A       1%          2
b - Sigil of Binding      Hex            32%        N/A       1%          3
c - Inner Flame           Hex/Fire       30%        N/A       1%          3
d - Cause Fear            Hex            16%        N/A       4%          4
e - Dimensional Bullseye  Hex/Tloc       14%        N/A       6%          4

Your spell library contained the following spells:

 Spells                   Type           Power      Damage    Failure   Level
 Necrotise                Necr           100%       1d9       1%          1
 Vampiric Draining        Necr           26%        2d7       3%          3
 Flame Wave               Conj/Fire      27%        2d9       9%          4
 Sticky Flame             Fire/Alch      27%        2d7       9%          4
 Passage of Golubria      Tloc           26%        N/A       10%         4
 Silence                  Hex/Air        14%        N/A       17%         5
 Curse of Agony           Necr           26%        N/A       26%         5
 Lee's Rapid Deconstruct  Erth           13%        3d9*      26%         5
 Lehudib's Crystal Spear  Conj/Erth      13%        10d4      100%        8
 Animate Armour           Summ/Erth      Unusable   N/A       N/A         4
 Martyr's Knell           Necr/Summ      Unusable   N/A       N/A         4
 Summon Lightning Spire   Summ/Air       Unusable   N/A       N/A         4

Dungeon Overview and Level Annotations

Branches:
Dungeon (10/15)            Temple (1/1) D:5            Lair (2/5) D:10
 Shoals (0/4) Lair:2          Orc (0/2) D:10
  Snake: Lair:2-3    Spider: Lair:2-3

Altars:
Ashenzari
Cheibriados
Dithmenos
Elyvilon
Fedhas
Gozag
Hepliaklqana
Kikubaaqudgha
Makhleb
Nemelex Xobeh
Okawaru
Qazlal
Ru
Sif Muna
Trog
Uskayaw
Vehumet
Wu Jian
Xom
Yredelemnul
Zin
The Shining One

Portals:
Abyss: Lair:2

Annotations:
D:6 3 runed translucent doors, flinslave4's ghost, novice MiMo
Lair:2 1 transporter, nerdeater69's ghost, journeyman MiBe


Innate Abilities, Weirdness & Mutations

You have very sharp teeth.
Your uncanny sense of smell can sniff out nearby items.
Your experience applies equally to all skills.


Message History

Press: ? - help, Dir - move target, p - merfolk
As you read the scroll of blinking, it crumbles to dust.
You are too injured to fight recklessly!
Throw: 4 darts (atropa)
Press: ? - help, Q - select action, (/) - cycle Shift-Dir - straight line, f - merfolk
Aim: a merfolk, wielding a +0 trident (translocational energy, severely wounded, inner flame, lightly drained, chance to call a sprite on attack: 58%, 60% to hit, chance to blind on hit: 72%)
You throw an atropa-tipped dart.
The atropa-tipped dart hits the merfolk!
The merfolk appears confused.
The merfolk is severely wounded.
Fire: a) +2 sling
Press: ? - help, Shift-Dir - straight line, f/p - merfolk
Aim: a merfolk, wielding a +0 trident (translocational energy, severely wounded, wandering, inner flame, confused, blind, unable to see you, lightly drained, hasn't noticed you, chance to call a sprite on attack: 58%, 80% to hit)
You shoot a sling bullet. The sling bullet hits the merfolk.
Flame seeps out of the merfolk.
The merfolk is severely wounded.
A giggling sprite leaps out and smacks the merfolk with its own hand.
Flame seeps out of the merfolk.
The merfolk is almost dead.
The jinxing sprites lose interest in you.
The merfolk hits something with a +0 trident!
Fire: a) +2 sling
Press: ? - help, Shift-Dir - straight line, f/p - merfolk
Aim: a merfolk, wielding a +0 trident (translocational energy, almost dead, inner flame, confused, blind, unable to see you, heavily drained, 80% to hit)
You shoot a sling bullet. The sling bullet hits the merfolk.
Flame seeps out of the merfolk.
The merfolk is almost dead.
The merfolk hits itself with a +0 trident.
Okawaru accepts your kill.
The merfolk explodes!
The fiery explosion engulfs the merfolk!!
You kill the merfolk!
Okawaru accepts your kill.
Casting: Jinxbite (safe; 1% risk of failure)
Confirm with . or Enter, or press ? or * to list all spells.
You inscribe a pair of binding sigils.
The merfolk is engulfed in blazing flames.
The merfolk attacks as it pursues you!
The merfolk hits you from afar with a +0 trident!
You die...

##...## #.....# #
##...## #...# #...#
##...## #....P# ###
##...## ####..
##@..# .
.....(#####..^.#..#
.......#.##m........
...((....§....^##P#.
...P...))###...# #
..((....'§m###.#
........#mm~~###
#.......#m.?~~~~
##.#...####..#>#


You could see a merfolk.

Vanquished Creatures
  A catoblepas (Lair:2)
  A two-headed ogre (D:10)
  Erica (D:8)
  Maurice (D:10)
  5 black mambas
  10 elephants
  Jeremiah (D:8)
  A gargoyle (D:9)
  3 cane toads
  2 komodo dragons
  A rime drake (Lair:2)
  2 merfolk (Lair:2)
  A troll (D:10)
  A hornet (D:6)
  8 blink frogs
  A shadow (D:10)
  27 yaks
  2 basilisks (Lair:1)
  A wyvern (D:8)
  A warg (D:10)
  A steam dragon (D:6)
  3 vampire mosquitoes (D:10)
  Edmund (D:4)
  Menkaure (D:7)
  2 acid dragons (D:10)
  Duvessa (D:4)
  8 water moccasins
  3 orc warriors
  An ice beast (D:5)
  6 wolves
  4 centaurs
  A phantom (D:5)
  14 bullfrogs
  2 kobold brigands
  A gnoll sergeant (D:9)
  3 scorpions
  3 wights (D:9)
  Dowan (D:4)
  9 killer bees
  A vampire bat (D:3)
  An electric eel (D:7)
  3 howler monkeys
  2 bombardier beetles
  3 hounds
  A jelly (D:5)
  11 orc priests
  4 iguanas
  11 orc wizards
  7 adders
  7 gnolls
  A shadow imp (D:7)
  3 ribbon worms
  4 dart slugs
  30 orcs
  11 bats
  3 bat skeletons (D:3)
  3 bat zombies (D:3)
  13 endoplasms
  3 giant cockroaches
  13 goblins
  7 hobgoblins
  10 kobolds
  4 quokkas
  2 ball pythons
  4 frilled lizards (D:3)
  7 rats
305 creatures vanquished.

Notes
Turn   | Place    | Note
-------+----------+-------------------------------------------
     0 | D:1      | malesh the Gnoll Hexslinger began the quest for the Orb.
     0 | D:1      | Reached XP level 1. HP: 17/17 MP: 4/4
   159 | D:1      | Reached XP level 2. HP: 23/23 MP: 5/5
   278 | D:1      | Found a faded altar of an unknown god.
   570 | D:1      | Reached XP level 3. HP: 28/28 MP: 7/7
   996 | D:2      | Reached skill level 1 in Invocations
  1199 | D:2      | Reached skill level 1 in Short Blades
  1199 | D:2      | Reached skill level 1 in Long Blades
  1199 | D:2      | Reached skill level 1 in Axes
  1199 | D:2      | Reached skill level 1 in Maces & Flails
  1199 | D:2      | Reached skill level 1 in Polearms
  1199 | D:2      | Reached skill level 1 in Staves
  1199 | D:2      | Reached skill level 1 in Throwing
  1199 | D:2      | Reached skill level 1 in Armour
  1199 | D:2      | Reached skill level 1 in Stealth
  1199 | D:2      | Reached skill level 1 in Shields
  1199 | D:2      | Reached skill level 1 in Unarmed Combat
  1199 | D:2      | Reached skill level 1 in Evocations
  1201 | D:2      | Reached skill level 1 in Shapeshifting
  1201 | D:2      | Reached XP level 4. HP: 15/34 MP: 8/8
  1237 | D:2      | Learned a level 2 spell: Jinxbite
  1241 | D:2      | Learned a level 3 spell: Sigil of Binding
  1245 | D:2      | Learned a level 3 spell: Inner Flame
  1334 | D:2      | Reached skill level 1 in Conjurations
  1334 | D:2      | Reached skill level 1 in Summonings
  1334 | D:2      | Reached skill level 1 in Necromancy
  1334 | D:2      | Reached skill level 1 in Translocations
  1334 | D:2      | Reached skill level 1 in Ice Magic
  1334 | D:2      | Reached skill level 1 in Air Magic
  1334 | D:2      | Reached skill level 1 in Earth Magic
  1334 | D:2      | Reached skill level 1 in Alchemy
  1544 | D:2      | You fall into a shaft and drop 2 floors!
  1714 | D:4      | Reached XP level 5. HP: 15/41 MP: 9/9
  1898 | D:3      | Found an ancient bone altar of Kikubaaqudgha.
  2379 | D:3      | Reached XP level 6. HP: 47/47 MP: 11/11
  2446 | D:3      | Found a basalt altar of Yredelemnul.
  2750 | D:3      | Reached skill level 5 in Ranged Weapons
  2750 | D:3      | Reached skill level 5 in Dodging
  3122 | D:4      | Noticed Edmund
  3173 | D:4      | Killed Edmund
  3174 | D:4      | Reached XP level 7. HP: 30/51 MP: 12/12
  3407 | D:4      | Found a broken altar of Ashenzari.
  3440 | D:4      | Noticed Dowan
  3442 | D:4      | Noticed Duvessa
  3444 | D:4      | Killed Dowan
  3453 | D:4      | Killed Duvessa
  3957 | D:5      | Entered Level 5 of the Dungeon
  4277 | D:5      | Found a staircase to the Ecumenical Temple.
  4478 | D:5      | Reached XP level 8. HP: 37/60 MP: 14/14
  5759 | Temple   | Entered the Ecumenical Temple
  5780 | Temple   | Became a worshipper of Warmaster Okawaru
  6632 | D:6      | Found a blossoming altar of Fedhas.
  6638 | D:6      | Found a hide-covered altar of Uskayaw.
  6641 | D:6      | Found an opulent altar of Gozag.
  6858 | D:6      | Noticed a hornet
  6874 | D:6      | Killed a hornet
  6874 | D:6      | Reached * piety under Okawaru
  7022 | D:6      | Found a runed translucent gate.
  7022 | D:6      | Found a runed translucent gate.
  7022 | D:6      | Found a runed translucent gate.
  7028 | D:6      | Noticed flinslave4's ghost (novice MiMo)
  7077 | D:6      | Learned a level 4 spell: Cause Fear
  7086 | D:7      | Noticed Menkaure
  7187 | D:7      | Reached XP level 9. HP: 66/66 MP: 13/16
  7201 | D:7      | Killed Menkaure
  7202 | D:7      | Reached skill level 5 in Spellcasting
  7504 | D:7      | Reached skill level 5 in Fighting
  8060 | D:7      | Reached ** piety under Okawaru
  8061 | D:7      | Reached skill level 5 in Invocations
  8364 | D:8      | Reached skill level 5 in Short Blades
  8364 | D:8      | Reached skill level 5 in Long Blades
  8364 | D:8      | Reached skill level 5 in Axes
  8364 | D:8      | Reached skill level 5 in Maces & Flails
  8364 | D:8      | Reached skill level 5 in Polearms
  8364 | D:8      | Reached skill level 5 in Staves
  8364 | D:8      | Reached skill level 5 in Throwing
  8364 | D:8      | Reached skill level 5 in Armour
  8364 | D:8      | Reached skill level 5 in Stealth
  8364 | D:8      | Reached skill level 5 in Shields
  8364 | D:8      | Reached skill level 5 in Unarmed Combat
  8364 | D:8      | Reached skill level 5 in Evocations
  8370 | D:8      | Reached XP level 10. HP: 73/76 MP: 3/18
  8465 | D:8      | Identified the +3 glaive "Ikhloofu" {flame, Int+2}
  8660 | D:8      | Learned a level 4 spell: Dimensional Bullseye
  8672 | D:8      | Noticed Jeremiah
  8696 | D:8      | Killed Jeremiah
  8825 | D:8      | Noticed Erica
  8837 | D:8      | Killed Erica
  8837 | D:8      | Reached *** piety under Okawaru
  8838 | D:8      | Reached skill level 5 in Fire Magic
  8953 | D:8      | Found a hazy altar of Hepliaklqana.
  9147 | D:9      | Reached skill level 5 in Shapeshifting
  9888 | D:9      | Reached **** piety under Okawaru
 10635 | D:9      | Reached skill level 5 in Conjurations
 10635 | D:9      | Reached skill level 5 in Summonings
 10635 | D:9      | Reached skill level 5 in Necromancy
 10635 | D:9      | Reached skill level 5 in Translocations
 10635 | D:9      | Reached skill level 5 in Ice Magic
 10635 | D:9      | Reached skill level 5 in Air Magic
 10635 | D:9      | Reached skill level 5 in Earth Magic
 10635 | D:9      | Reached skill level 5 in Alchemy
 10642 | D:9      | Reached XP level 11. HP: 73/81 MP: 4/21
 11085 | D:10     | Entered Level 10 of the Dungeon
 11085 | D:10     | Found a glowing silver altar of Zin.
 11246 | D:10     | Noticed Maurice
 11263 | D:10     | Killed Maurice
 11275 | D:10     | Noticed a two-headed ogre
 11460 | D:10     | Found a stormy altar of Qazlal.
 11658 | D:10     | Killed a two-headed ogre
 12379 | D:10     | Reached ***** piety under Okawaru
 12539 | D:10     | Found a staircase to the Lair.
 12579 | D:10     | Found a staircase to the Orcish Mines.
 12864 | Lair:1   | Entered Level 1 of the Lair of Beasts
 12947 | Lair:1   | Received a gift from Okawaru
 13584 | D:10     | Received a gift from Okawaru
 13657 | D:10     | Reached XP level 12. HP: 29/91 MP: 5/23
 14377 | Lair:1   | You fall into a shaft and drop 1 floor!
 15142 | Lair:2   | Found a one-way gate to the infinite horrors of the Abyss.
 15142 | Lair:2   | Noticed nerdeater69's ghost (journeyman MiBe)
 15150 | Lair:2   | Noticed a hell hog
 15152 | Lair:2   | Noticed a thrashing horror
 15268 | Lair:2   | Received a gift from Okawaru
 15621 | Lair:2   | Found a transporter.
 15625 | Lair:2   | Noticed a thrashing horror
 16167 | Lair:2   | Noticed a catoblepas
 16197 | Lair:2   | Killed a catoblepas
 16438 | Lair:2   | Found a staircase to the Shoals.
 16555 | Lair:2   | Slain by a merfolk

Illustrated notes

Levels and vault maps discovered:
D:1:      dpeg_arrival_round_a, layout_basic, basic_ecumenical_altar,
          corexii_corridor_pit
D:2:      layout_rooms
D:3:      minmay_thinvault, layout_basic, kennysheep_vampire_church,
          mainiacjoe_overflow_six_doors_small, chequers_serial_rivers_small_b
D:4:      layout_basic, ashenzari_altar_1, uniq_edmund, uniq_duvessa
D:5:      layout_layer_cave, temple_doors_ab
D:6:      layout_loops_ring, minmay_overflow_temple_star_quad,
          gammafunk_ghost_necromancy, st_stairs_6, supply_closet_lemuel,
          hangedman_abyss_or_decor_jellyfish_corner, serial_park_tiny_1
D:7:      layout_rooms, serial_bayou_pond_b, kennysheep_generic_room_13,
          uniq_menkaure
D:8:      layout_basic, pf_just_have_faith, uniq_jeremiah, uniq_erica
D:9:      layout_long_grid, st_stairs_7
D:10:     layout_roguey, zin_academy, nicolae_qazlal_eye_of_the_storm,
          erik_lair_orcish_takeover, chequers_serial_rivers_large_a,
          david_defended_altar_orc, uniq_maurice
Temple:   compressed_dpeg_triangle_lava_temple
Lair:1:   layout_long_grid, beast_lair_carwin_4
Lair:2:   layout_cellular_growth, elwin_shoals_entry_stream,
          gammafunk_ghost_abyssal_escape, lemuel_fruit_tree

Skill      XL: |  1  2  3  4  5  6  7  8  9 10 11 12 |
---------------+-------------------------------------+-----
Fire Magic     | 2 3 4 5 6 7 |  7.1
Invocations    | 1 2 3 4 5 6 7 8 |  8.8
Short Blades   | 1 2 3 5 6 7 8 |  8.1
Long Blades    | 1 2 3 5 6 7 8 |  8.1
Axes           | 1 2 3 5 6 7 8 |  8.1
Maces & Flails | 1 2 3 5 6 7 8 |  8.1
Polearms       | 1 2 3 5 6 7 8 |  8.1
Staves         | 1 2 3 5 6 7 8 |  8.1
Throwing       | 1 2 3 5 6 7 8 |  8.1
Armour         | 1 2 3 5 6 7 8 |  8.1
Stealth        | 1 2 3 5 6 7 8 |  8.1
Shields        | 1 2 3 5 6 7 8 |  8.1
Unarmed Combat | 1 2 3 5 6 7 8 |  8.1
Evocations     | 1 2 3 5 6 7 8 |  8.1
Spellcasting   | 3 4 5 6 7 8 |  8.6
Shapeshifting  | 1 2 3 4 5 6 7 |  7.3
Conjurations   | 1 2 3 4 5 6 |  6.7
Summonings     | 1 2 3 4 5 6 |  6.7
Necromancy     | 1 2 3 4 5 6 |  6.7
Translocations | 1 2 3 4 5 6 |  6.7
Ice Magic      | 1 2 3 4 5 6 |  6.7
Air Magic      | 1 2 3 4 5 6 |  6.7
Earth Magic    | 1 2 3 4 5 6 |  6.7
Alchemy        | 1 2 3 4 5 6 |  6.7
Fighting       | 3 4 5 6 7 8 |  8.5
Ranged Weapons | 5 6 7 8 9 |  9.3
Dodging        | 5 6 7 8 9 |  9.3
Hexes          | 6 7 8 |  8.8

Action                     |  1- 3 |  4- 6 |  7- 9 | 10-12 || total
---------------------------+-------+-------+-------+-------++-------
  Melee: Sling             |       |       |     2 |     1 ||     3
   Fire: Sling             |    87 |   255 |   420 |   631 ||  1393
  Throw: Dart              |       |       |       |    15 ||    15
   Cast: Inner Flame       |       |     1 |     3 |    79 ||    83
         Jinxbite          |       |       |    32 |    54 ||    86
         Sigil of Binding  |       |       |     9 |    40 ||    49
         Dimensional Bulls |       |       |       |     9 ||     9
 Invoke: Heroism           |       |       |       |     2 ||     2
  Evoke: Wand              |       |       |     2 |       ||     2
    Use: Scroll            |       |     4 |     6 |    11 ||    21
         Potion            |       |     3 |     4 |     3 ||    10
 Armour: Robe              |    18 |    94 |   162 |   238 ||   512
  Dodge: Dodged            |    12 |    90 |   130 |   271 ||   503
  Block: Buckler           |     3 |    41 |    90 |   245 ||   379
         Reflection        |       |       |     2 |    11 ||    13
